 Dungeon Crawl Stone Soup version 0.31-a0-263-ge8cad7f256 (webtiles) character file.

Game seed: 15217695452848115144

48504 HallandMoats the Fighter (level 14, -4/119 HPs)
             Began as a Demonspawn Fighter on July 13, 2023.
             Was the Champion of Okawaru.
             Slain by a stone giant (29 damage)
             ... on level 15 of the Dungeon.
             The game lasted 00:34:55 (16663 turns).

HallandMoats the Fighter (Demonspawn Fighter)      Turns: 16663, Time: 00:34:56

Health: -4/119     AC: 17    Str: 20    XL:     14   Next: 12%
Magic:  0/21       EV: 16    Int: 10    God:    Okawaru [******]
Gold:   254        SH: 18    Dex: 19    Spells: 13/13 levels left

rFire   + . .        M - +2 hand axe (venom)
rCold   . . .        O - +6 buckler of Houzasai {+Blink rF+ Int-4}
rNeg    . . .        A - +3 troll leather armour {Snorg}
rPois   .            (helmet restricted)
rElec   .            e - +0 cloak
rCorr   .            K - +0 pair of fencer's gloves {Riposte Dex+3}
SInv    .            h - +1 pair of boots
Will    +....        G - amulet of reflection
Stlth   +            y - +4 ring of protection
HPRegen 1.19/turn    o - +4 ring of slaying
MPRegen 0.34/turn

%: reflection, guardian spirit
@: studying Shields
A: horns 1, ignite blood 1, magic shield, magic regeneration, big brain 2,
talons 1, agile 1
a: Renounce Religion, Evoke Blink, Heroism, Finesse, Duel


You were on level 15 of the Dungeon.
You worshipped Okawaru.
Okawaru was exalted by your worship.
You visited 1 branch of the dungeon, and saw 15 of its levels.
You also visited: Bailey.

You collected 807 gold pieces.
You spent 553 gold pieces at shops.

Inventory:

Hand Weapons
 a - a +8 club
 b - a +1 hand axe of flaming
 M - a +2 hand axe of venom (weapon)
Missiles
 i - 4 throwing nets
Armour
 e - a +0 cloak (worn)
 h - a +1 pair of boots (worn)
 p - a +2 ring mail of poison resistance
 A - a +3 troll leather armour (worn) {Snorg}
 I - the +0 leather armour of the Bursted Sturgeon {Rampage Int+3}
   (You took it off an orc on level 9 of the Dungeon)

   Int:       It affects your intelligence (+3).
   Rampage:   It bestows one free step when moving towards enemies.
 K - the +0 pair of fencer's gloves (worn) {Riposte Dex+3}
   (You bought it in a shop on level 9 of the Dungeon)

   Riposte:   It allows the wearer to riposte with melee weapons, swiftly
   retaliating against missed or blocked melee attacks.
   Dex:       It affects your dexterity (+3).
 O - the +6 buckler of Houzasai (worn) {+Blink rF+ Int-4}
   (You found it on level 13 of the Dungeon)

   Int:       It affects your intelligence (-4).
   rF:        It protects you from fire.
   +Blink:    It lets you blink.
Jewellery
 c - an amulet of the acrobat
 o - a +4 ring of slaying (right hand)
 y - a +4 ring of protection (left hand)
 G - an amulet of reflection (around neck)
 P - a ring of ice
Talismans
 l - a beast talisman
 q - a serpent talisman
 D - a beast talisman
Wands
 r - a wand of digging (1)
 u - a wand of polymorph (5)
 v - a wand of flame (38)
 w - a wand of roots (8)
 C - a wand of quicksilver (21)
 H - a wand of mindburst (7)
Scrolls
 f - 4 scrolls of fog
 g - 7 scrolls of teleportation
 s - 4 scrolls of enchant weapon
 t - 2 scrolls of blinking
 x - 3 scrolls of identify
 z - 2 scrolls of enchant armour
 E - 2 scrolls of immolation
 L - a scroll of revelation
Potions
 d - 2 potions of brilliance
 j - a potion of might
 k - 11 potions of curing
 m - a potion of mutation
 n - a potion of cancellation
 B - a potion of haste
 F - a potion of lignification {unknown}
 J - 6 potions of ambrosia
 N - a potion of resistance {unknown}


   Skills:
 * Level 13.7 Fighting
 * Level 12.5 Axes
 + Level 8.1 Armour
 + Level 7.5 Dodging
 + Level 10.9 Shields
 + Level 10.3 Invocations


You had 13 spell levels left.
You didn't know any spells.
Your spell library contained the following spells:

 Spells                   Type           Power      Damage    Failure   Level
 Magic Dart               Conj           0%         1d3       45%         1
 Sandblast                Erth           0%         2d4       45%         1
 Slow                     Hex            0%         N/A       45%         1
 Passwall                 Tmut/Erth      0%         N/A       58%         2
 Searing Ray              Conj           0%         2d4       58%         2
 Confusing Touch          Hex            0%         N/A       83%         3
 Hailstorm                Conj/Ice       0%         3d3       83%         3
 Stone Arrow              Conj/Erth      0%         3d7       83%         3
 Vampiric Draining        Necr           0%         2d6       83%         3
 Fulminant Prism          Conj/Hex       0%         3d5       99%         4
 Leda's Liquefaction      Hex/Erth       0%         N/A       99%         4
 Lee's Rapid Deconstruct  Erth           0%         3d4*      100%        5
 Leda's Unmaking          Conj/Erth      0%         9d1       100%        6
 Summon Ice Beast         Ice/Summ       Unusable   N/A       N/A         4
 Summon Mana Viper        Hex/Summ       Unusable   N/A       N/A         5
 Simulacrum               Ice/Necr       Unusable   N/A       N/A         6
 Monstrous Menagerie      Summ           Unusable   N/A       N/A         7

Dungeon Overview and Level Annotations

Branches:
Dungeon (15/15)            Temple (0/1) D:5            Lair (0/5) D:8
    Orc (0/2) D:9          Vaults (0/5) D:13         Bailey (visited)
 Depths: D:15

Altars:
Makhleb
Okawaru
Ru
Sif Muna
Trog
Uskayaw
Vehumet

Shops:
D:3 (!   D:6 (   D:9 [   D:15 (

Annotations:
D:10 3 runed translucent doors, Vomitron's ghost, novice GrEE


Innate Abilities, Weirdness & Mutations

You have a pair of small horns on your head.
Your demonic aura sometimes causes spilled blood to erupt in flames.
When hurt, damage is shared between your health and your magic reserves.
You regenerate magic rapidly.
You have an extremely huge brain. (Int +4)
You have sharp toenails.
You are agile. (Dex +4, Str/Int -1)


Message History

You hit the stone giant.
The stone giant looks as sick as possible!
The stone giant is heavily wounded.
The stone giant hits you!
Unknown command.
You hit the stone giant but do no damage.
The stone giant is heavily wounded.
The stone giant misses you.
You slash the stone giant!
You headbutt the stone giant, but do no damage.
The stone giant is heavily wounded.
You hit the stone giant but do no damage.
You headbutt the stone giant, but do no damage.
The stone giant is heavily wounded.
The stone giant is engulfed in blazing flames.
The stone giant hits you!!!
You hit the stone giant.
The stone giant looks as sick as possible!
The stone giant is severely wounded.
The stone giant is engulfed in blazing flames.
The stone giant hits you!!
* * * LOW HITPOINT WARNING * * *
You barely miss the stone giant.
You headbutt the stone giant, but do no damage.
The stone giant is severely wounded.
The stone giant is engulfed in blazing flames.
You block the stone giant's attack.
You barely miss the stone giant.
The stone giant is almost dead.
You hit the stone giant but do no damage.
The stone giant looks as sick as possible!
You headbutt the stone giant, but do no damage.
The stone giant is almost dead.
You block the stone giant's attack.
You hit the stone giant.
The stone giant looks as sick as possible!
Your headbutt misses the stone giant.
The stone giant is almost dead.
The stone giant hits you!!
You die...

#....≈≈§≈#§§§§.. .... .
#......§....§§..#.......
#.............##...##..#
.............##....#....
....<........##.....^..#
###.................#...
......C)................
.....))@................
#.....)))####....##.....
###:##..## ##.####..#..
# ##.. #..####.##.. ...
#...##...... ##...
#...#...###. #..#
##....∩.# ## ####
#....### ## ##...# #.


You could see a stone giant (extremely poisoned).

Vanquished Creatures
  Nessos (D:15)
  Snorg (D:11)
  A fire dragon (D:15)
  8 vault guards (D:13)
  An ogre mage (D:15)
  3 hydras
  A boulder beetle (D:14)
  6 two-headed ogres
  2 tengu warriors
  3 centaur warriors (D:14)
  A wizard (D:14)
  Pikel (D:5)
  3 deep elf pyromancers
  2 orc knights
  4 manticores
  21 ugly things
  7 cyclopes
  Maurice (D:9)
  A gargoyle (D:10)
  2 kobold demonologists
  Psyche (D:10)
  An efreet (D:13)
  2 komodo dragons
  2 tengu conjurers (D:15)
  A queen bee (D:11)
  6 trolls
  Prince Ribbit (D:7)
  2 dream sheep (D:8)
  8 slime creatures
  Sigmund (D:2)
  A vampire (D:6)
  2 wraiths
  2 shadows
  A basilisk (shapeshifter) (D:14)
  A wyvern (D:10)
  12 yaks
  4 steam dragons
  A basilisk (D:14)
  4 vampire mosquitoes (D:12)
  A warg (D:15)
  An acid dragon (D:12)
  2 ice beasts
  A black bear (D:5)
  12 orc warriors
  2 sky beasts (D:7)
  2 ogres
  2 centaurs
  2 lemures (D:5)
  3 bullfrogs
  9 kobold brigands
  2 scorpions
  7 wights
  33 killer bees
  10 howler monkeys
  2 jellies (D:5)
  4 hounds
  10 orc priests
  A gnoll bouda (D:3)
  Crazy Yiuf (D:2)
  Ijyb (D:5)
  5 iguanas
  14 orc wizards
  A sleepcap (D:5)
  22 gnolls
  8 adders
  A shadow imp (D:5)
  An ufetubus (D:5)
  2 worms
  2 dart slugs
  73 orcs
  3 bats
  7 endoplasms
  4 giant cockroaches
  8 goblins
  11 hobgoblins
  18 jackals
  6 quokkas
  11 ball pythons
  4 frilled lizards
  14 kobolds
  10 rats
456 creatures vanquished.

Notes
Turn   | Place    | Note
-------+----------+-------------------------------------------
     0 | D:1      | HallandMoats the Demonspawn Fighter began the quest for the
                  | Orb.
     0 | D:1      | Reached XP level 1. HP: 18/18 MP: 1/1
   161 | D:1      | Gained mutation: Your demonic aura sometimes causes spilled
                  | blood to erupt in flames. [demonic ancestry]
   161 | D:1      | Reached XP level 2. HP: 19/24 MP: 2/2
   493 | D:1      | Reached XP level 3. HP: 12/29 MP: 3/3
  1307 | D:2      | Reached XP level 4. HP: 37/37 MP: 4/4
  1321 | D:2      | Noticed Sigmund
  1327 | D:2      | Killed Sigmund
  1328 | D:2      | Reached skill level 4 in Fighting
  1328 | D:2      | Gained mutation: You have an unusually large brain. (Int
                  | +2) [demonic ancestry]
  1328 | D:2      | Reached XP level 5. HP: 41/43 MP: 5/5
  1409 | D:2      | Gained mutation: You have a pair of small horns on your
                  | head. [demonic ancestry]
  1409 | D:2      | Reached XP level 6. HP: 50/50 MP: 6/6
  1837 | D:2      | Found a runed translucent door.
  1838 | D:2      | Noticed Crazy Yiuf
  2010 | D:2      | Killed Crazy Yiuf
  2145 | D:3      | Found Giutoh's Distillery.
  2151 | D:3      | Bought a potion of curing for 33 gold pieces
  2207 | D:3      | Reached skill level 5 in Fighting
  2360 | D:3      | Found Fuesous's Weapon Emporium.
  2773 | D:3      | Gained mutation: You have an extremely huge brain. (Int +4)
                  | [demonic ancestry]
  2773 | D:3      | Reached XP level 7. HP: 14/56 MP: 7/7
  3573 | D:3      | Reached skill level 5 in Axes
  3697 | D:3      | Reached skill level 6 in Fighting
  3763 | D:4      | You fall into a shaft and drop 2 floors!
  3795 | D:5      | Entered Level 5 of the Dungeon
  3858 | D:5      | Noticed Pikel
  4562 | D:4      | Found a hide-covered altar of Uskayaw.
  4749 | D:4      | Found a bloodstained altar of Trog.
  4822 | D:4      | Reached XP level 8. HP: 65/65 MP: 8/8
  5095 | D:5      | Killed Pikel
  5096 | D:5      | Reached skill level 7 in Fighting
  5096 | D:5      | Reached skill level 5 in Shields
  5377 | D:5      | Noticed Ijyb
  5400 | D:5      | Killed Ijyb
  5716 | D:5      | Found a staircase to the Ecumenical Temple.
  5794 | D:5      | Found an iron altar of Okawaru.
  5800 | D:5      | Found a shimmering blue altar of Sif Muna.
  5800 | D:5      | Found a sacrificial altar of Ru.
  5801 | D:5      | Found a radiant altar of Vehumet.
  5802 | D:5      | Found a burning altar of Makhleb.
  5816 | D:5      | Became a worshipper of Warmaster Okawaru
  6656 | D:6      | Reached skill level 1 in Invocations
  6656 | D:6      | Gained mutation: You regenerate magic rapidly. [demonic
                  | ancestry]
  6656 | D:6      | Reached XP level 9. HP: 72/74 MP: 9/9
  6695 | D:6      | Reached skill level 8 in Fighting
  6695 | D:6      | Reached skill level 1 in Dodging
  6924 | D:6      | Found Qirhodgh's Weapon Shoppe.
  7048 | D:7      | Found a flagged portal.
  7079 | Bailey   | Entered a bailey
  7101 | Bailey   | Gained mutation: Armour fits poorly on your strangely
                  | shaped body. [potion of mutation]
  7102 | Bailey   | Lost mutation: Armour fits poorly on your strangely shaped
                  | body. [potion of mutation]
  7102 | Bailey   | Gained mutation: You have sharp toenails. [potion of
                  | mutation]
  7102 | Bailey   | Gained mutation: You are agile. (Dex +4, Str/Int -1)
                  | [potion of mutation]
  7357 | Bailey   | Reached * piety under Okawaru
  7637 | Bailey   | Noticed an orc knight
  8003 | Bailey   | Killed an orc knight
  8232 | D:7      | Reached skill level 9 in Fighting
  8319 | D:7      | Reached ** piety under Okawaru
  8449 | D:7      | Reached XP level 10. HP: 81/83 MP: 13/13
  8822 | D:7      | Noticed Prince Ribbit
  8825 | D:7      | Killed Prince Ribbit
  9615 | D:8      | Reached *** piety under Okawaru
  9824 | D:8      | Reached skill level 5 in Invocations
  9831 | D:8      | Noticed a three-headed hydra
  9835 | D:8      | Killed a one-headed hydra
  9840 | D:8      | Reached **** piety under Okawaru
  9959 | D:8      | Found a staircase to the Lair.
 10184 | D:9      | Reached skill level 10 in Fighting
 10198 | D:9      | Noticed Maurice
 10205 | D:9      | Killed Maurice
 10206 | D:9      | Reached skill level 5 in Armour
 10375 | D:9      | Found Edoan's Armour Shop.
 10504 | D:9      | Found a staircase to the Orcish Mines.
 10703 | D:9      | Identified the +0 leather armour of the Bursted Sturgeon
                  | {Rampage Int+3}
 11065 | D:10     | Entered Level 10 of the Dungeon
 11090 | D:10     | Noticed Psyche
 11105 | D:10     | Killed Psyche
 11106 | D:10     | Gained mutation: When hurt, damage is shared between your
                  | health and your magic reserves. [demonic ancestry]
 11106 | D:10     | Reached XP level 11. HP: 86/91 MP: 15/15
 11149 | D:10     | Found a runed translucent gate.
 11151 | D:10     | Found a runed translucent gate.
 11151 | D:10     | Found a runed translucent gate.
 11155 | D:10     | Noticed Vomitron's ghost (novice GrEE)
 11394 | D:10     | Received a gift from Okawaru
 11410 | D:10     | Reached ***** piety under Okawaru
 11538 | D:10     | Identified the +1 spear "Lacertilian's Funeral" {venom,
                  | rF+}
 12317 | D:11     | Noticed Snorg
 12328 | D:11     | Killed Snorg
 12328 | D:11     | Identified the +2 lajatang "Haonikk" {venom, rF+ Str+4}
                  | (Okawaru gifted it to you on level 11 of the Dungeon)
 12328 | D:11     | Received a gift from Okawaru
 12447 | D:11     | Reached skill level 11 in Fighting
 12478 | D:11     | Reached skill level 10 in Axes
 12502 | D:11     | Reached skill level 5 in Dodging
 13156 | D:11     | Noticed a white ugly thing
 13164 | D:11     | Killed a white ugly thing
 13238 | D:12     | Reached XP level 12. HP: 71/100 MP: 11/17
 13311 | D:12     | Noticed a two-headed ogre
 13326 | D:12     | Killed a two-headed ogre
 13326 | D:12     | Identified the +1 scale mail "Apaihia" {Fly Regen+ Int-3}
                  | (Okawaru gifted it to you on level 12 of the Dungeon)
 13326 | D:12     | Received a gift from Okawaru
 13461 | D:12     | Found a sacrificial altar of Ru.
 13882 | D:9      | Bought the +0 pair of fencer's gloves {Riposte Dex+3} for
                  | 520 gold pieces
 13882 | D:9      | Found the +0 pair of fencer's gloves {Riposte Dex+3}
 14025 | D:13     | Noticed a tengu warrior
 14032 | D:13     | Killed a tengu warrior
 14413 | D:13     | Reached skill level 12 in Fighting
 14434 | D:13     | Found a gate to the Vaults.
 14434 | D:13     | Noticed a vault guard
 14434 | D:13     | Noticed a vault guard
 14434 | D:13     | Noticed a vault guard
 14435 | D:13     | Noticed a vault guard
 14435 | D:13     | Noticed a vault guard
 14435 | D:13     | Noticed a vault guard
 14435 | D:13     | Noticed a five-headed hydra
 14436 | D:13     | Noticed a vault guard
 14451 | D:13     | Killed a vault guard
 14456 | D:13     | Killed a vault guard
 14457 | D:13     | Noticed a vault guard
 14461 | D:13     | Killed a five-headed hydra
 14483 | D:13     | Killed a vault guard
 14495 | D:13     | Killed a vault guard
 14506 | D:13     | Killed a vault guard
 14518 | D:13     | Killed a vault guard
 14518 | D:13     | Received a gift from Okawaru
 14525 | D:13     | Killed a vault guard
 14534 | D:13     | Killed a vault guard
 14535 | D:13     | Reached XP level 13. HP: 74/109 MP: 11/19
 14596 | D:13     | Identified the +6 buckler of Houzasai {+Blink rF+ Int-4}
 15179 | D:14     | Reached ****** piety under Okawaru
 15273 | D:14     | Received a gift from Okawaru
 15279 | D:14     | Reached skill level 10 in Shields
 15529 | D:14     | Reached skill level 13 in Fighting
 16077 | D:15     | Entered Level 15 of the Dungeon
 16099 | D:15     | Noticed a fire dragon
 16170 | D:14     | HP: 2/111 [two-headed ogre/+0 giant club (18)]
 16172 | D:14     | Received a gift from Okawaru
 16236 | D:15     | Reached skill level 10 in Invocations
 16263 | D:15     | Killed a fire dragon
 16378 | D:15     | Reached XP level 14. HP: 103/118 MP: 19/21
 16383 | D:15     | Noticed Nessos
 16392 | D:15     | Killed Nessos
 16614 | D:15     | Found Naptukh's Antique Weapon Shop.
 16641 | D:15     | Noticed a stone giant
 16663 | D:15     | Slain by a stone giant

Illustrated notes

Levels and vault maps discovered:
D:1:      matt_arrival_spirals, layout_loops_ring, minmay_hexomino_p4
D:2:      layout_loops_corners, st_stairs_13, uniq_sigmund,
          uniq_crazy_yiuf_cottage
D:3:      lemuel_castle_with_subvaults [lemuel_castle_interior_carwin_1],
          layout_basic, serial_shops, shop, shop
D:4:      layout_basic, mainiacjoe_overflow_concentric_impassable,
          mainiacjoe_overflow_large_starburst
D:5:      layout_loops_corners, minitemple,
          minmay_temple_entry_statues_fountains, uniq_pikel, uniq_ijyb
D:6:      layout_basic, serial_shops, nicolae_shop_tiny_real_fake_doors
D:7:      nicolae_cairo_tiling_very_big, layout_gridville, enter_bailey_3,
          patterned_corridor, uniq_prince_ribbit1
D:8:      layout_loops_ring, lair_entry_dummy, hangedman_ranch
D:9:      layout_loops_cross, orc_0_dummy, serial_shops, shop,
          kennysheep_path_1, solitary_fountain, uniq_maurice
D:10:     layout_roguey, gammafunk_ghost_necromancy, uniq_psyche
D:11:     layout_roguey [special_room_bee], minmay_orc_keep, uniq_snorg
D:12:     layout_rooms, nicolae_ru_the_path_less_chosen
D:13:     layout_irregular_city, erik_vaults_2
D:14:     layout_stronghold, serial_park_tiny_pond
D:15:     grunt_enter_depths_giant_problem, layout_cave_pools, serial_shops,
          shop, uniq_nessos

Skill      XL: |  1  2  3  4  5  6  7  8  9 10 11 12 13 |
---------------+----------------------------------------+-----
Axes           | 2 3 4 5 7 8 9 10 11 12 | 12.5
Shields        | 3 4 5 6 8 9 10 | 10.9
Fighting       | 4 5 6 7 9 10 11 12 13 | 13.7
Invocations    | 1 4 5 7 8 10 | 10.3
Armour         | 4 5 6 7 8 |  8.1
Dodging        | 2 4 5 6 7 |  7.5

Action                     |  1- 3 |  4- 6 |  7- 9 | 10-12 | 13-15 || total
---------------------------+-------+-------+-------+-------+-------++-------
  Melee: War axe           |    79 |   144 |   196 |       |       ||   419
         Headbutt          |       |    14 |    91 |   214 |    77 ||   396
         Club              |       |       |   195 |   704 |       ||   899
         Hand axe          |       |       |       |    14 |   180 ||   194
         Unarmed           |       |       |       |     1 |       ||     1
 Invoke: Heroism           |       |       |     2 |     2 |       ||     4
         Finesse           |       |       |       |     1 |       ||     1
    Use: Potion            |       |     1 |     8 |       |     2 ||    11
         Scroll            |       |       |     4 |    12 |       ||    16
 Armour: Scale mail        |    38 |       |       |       |       ||    38
         Ring mail         |    17 |    68 |   242 |   176 |       ||   503
         Troll leather arm |       |       |       |    89 |    38 ||   127
  Dodge: Dodged            |    43 |    91 |   273 |   359 |    69 ||   835
  Block: Buckler           |    23 |    30 |   130 |   368 |   153 ||   704
         Reflection        |       |       |       |     6 |    18 ||    24
Riposte: Club              |       |       |       |    32 |       ||    32
         Hand axe          |       |       |       |       |    55 ||    55

Table legend: (Time is in decaauts)
 A = Elapsed time spent in this place.
 B = Non-inter-level travel time spent in this place.
 C = Inter-level travel time spent in this place.
 D = Time resting spent in this place.
 E = Time spent auto-exploring this place.
 F = Levels seen in this place.
 G = Mean time per level.
                   A        B        C        D        E       F      G
               +--------+--------+--------+--------+--------+-----+--------+
         Total |  16732 |  16064 |    668 |   1754 |  10066 |  16 | 1045.8 |
       Dungeon |  15594 |  14926 |    668 |   1298 |  10066 |  15 | 1039.6 |
        Bailey |   1137 |   1137 |      0 |    456 |      0 |   1 | 1137.0 |
               +--------+--------+--------+--------+--------+-----+--------+

Top non-repeatable levels by time:
    D:11: 1466 daAuts
     D:3: 1445 daAuts
     D:5: 1386 daAuts
     D:2: 1373 daAuts
  Bailey: 1137 daAuts
    D:14: 1130 daAuts
     D:6: 1113 daAuts
     D:8: 1025 daAuts
     D:1: 1022 daAuts
    D:13: 1011 daAuts
     D:7: 970 daAuts
     D:9: 953 daAuts
     D:4: 845 daAuts
    D:10: 730 daAuts
    D:12: 681 daAuts
